 Dungeon Crawl Stone Soup version 0.20.0-15-g7f486f2 (webtiles) character file.

191 Mysteryquy the Shield-Bearer (level 5, -9/41 HPs)
             Began as a Demonspawn Fighter on June 28, 2017.
             Killed by nerve-wracking pain
             ... invoked by an orc priest
              (14 damage)
             ... on level 3 of the Dungeon.
             The game lasted 00:06:41 (3419 turns).

Mysteryquy the Shield-Bearer (Demonspawn Fighter)   Turns: 3419, Time: 00:06:42

Health: -9/41      AC:  6    Str: 17    XL:     5   Next: 42%
Magic:  5/5        EV:  7    Int:  9    God:
Gold:   163        SH: 13    Dex: 13    Spells: 4/4 levels left

rFire    . . .     SeeInvis .   k - +0 whip
rCold    . . .     Gourm    .   c - +0 shield
rNeg     . . .     Faith    .   b - +0 scale mail
rPois    .         Spirit   .   (no helmet)
rElec    .         Reflect  .   (no cloak)
rCorr    .         Harm     .   (no gloves)
MR       .....                  (no boots)
Stlth    ..........             (no amulet)
Regen    0.2/turn               (no ring)
MPRegen  0.1/turn               (no ring)

@: no status effects
A: large bone plates 1, rot immunity
a: no special abilities


You were on level 3 of the Dungeon.
You were hungry.

You visited 1 branch of the dungeon, and saw 4 of its levels.

You collected 163 gold pieces.

Inventory:

Hand Weapons
 a - a +0 flail
 k - a +0 whip (weapon)
Armour
 b - a +0 scale mail (worn)
 c - a +0 shield (worn)
Jewellery
 e - an uncursed amulet of rage {unknown}
 s - an uncursed ring of ice {unknown}
Wands
 x - a wand of iceblast (4/15)
Scrolls
 i - 2 scrolls of magic mapping {unknown}
 m - a scroll of remove curse {unknown}
 n - a scroll of amnesia {unknown}
 p - 2 scrolls of blinking {unknown}
 t - a scroll of recharging {unknown}
 v - a scroll of noise {unknown}
Potions
 d - 2 potions of might
 h - 6 potions of flight {unknown}
 j - a potion of lignification {unknown}
 l - 3 potions of heal wounds {unknown}
 o - a potion of brilliance {unknown}
 q - a potion of curing {unknown}
 r - a potion of degeneration {unknown}
 w - a potion of invisibility {unknown}
Comestibles
 f - 2 bread rations
 g - 4 fruits
 u - a meat ration


   Skills:
 + Level 3.6 Fighting
 + Level 3.3 Maces & Flails
 + Level 3.2 Armour
 + Level 1.0 Dodging
 + Level 3.8 Shields


You had 4 spell levels left.
You didn't know any spells.

Dungeon Overview and Level Annotations

Branches:
Dungeon (4/15)
 Temple: D:4-7

Altars:
Elyvilon


Innate Abilities, Weirdness & Mutations

You are partially covered in large bone plates. (SH +4)
You are immune to rotting.


Message History

Your scale mail prevents you from hitting the orc priest.
The orc priest is heavily wounded.
The orc priest hits you but does no damage.
You block the orc warrior's attack.
You hit the orc priest.
The orc priest is severely wounded.
You block the orc priest's attack.
You barely miss the orc priest.
The orc priest is severely wounded.
You block the orc warrior's attack. You block the orc priest's attack.
Your shield and scale mail prevent you from hitting the orc priest.
The orc priest is severely wounded.
You block the orc warrior's attack.
The orc priest casts a cantrip, but nothing happens.
You block the orc warrior's attack.
The orc priest hits you but does no damage.
The orc priest begins to cast a cantrip, but forgets the words!
The orc priest mumbles some strange prayers to Beogh against you.
Pain shoots through your body!
You die...

##########....# #....#
#........#....# #....#
#........#....###....#
#........#.....##....#
#........#..........##
#####.####....#.###...
#.# #....#....... #.#
##########(#. ###@###
#.#### #.#.
######.....####....###...
#...........#...##...#...
#.............######.....
#...##..o....#######.....
#..#..#o...).............
#..#..#.....)#####.##....
#...#.#......# #..##.#..
#.....#......####.###.#..


You could see an orc warrior and an orc priest.

Vanquished Creatures
  Robin (D:2)
  A gnoll (D:1)
  8 adders
  2 oozes (D:1)
  A worm (D:1)
  A dart slug (D:1)
  A leopard gecko (D:2)
  2 orcs (D:3)
  11 bats
  5 giant cockroaches
  17 goblins
  9 hobgoblins
  4 jackals (D:1)
  2 ball pythons
  2 frilled lizards
  7 kobolds
  4 rats
78 creatures vanquished.

Notes
Turn   | Place    | Note
-------+----------+-------------------------------------------
     0 | D:1      | Mysteryquy the Demonspawn Fighter began the quest for the Orb.
     0 | D:1      | Reached XP level 1. HP: 18/18 MP: 1/1
   221 | D:1      | Gained mutation: You are partially covered in large bone plates. (SH +4) [demonic ancestry]
   221 | D:1      | Reached XP level 2. HP: 24/24 MP: 2/2
   520 | D:1      | Reached XP level 3. HP: 29/29 MP: 3/3
  1386 | D:2      | Reached XP level 4. HP: 33/35 MP: 4/4
  1959 | D:2      | Gained mutation: You are immune to rotting. [demonic ancestry]
  1959 | D:2      | Reached XP level 5. HP: 41/41 MP: 5/5
  2151 | D:2      | Noticed Robin
  2162 | D:2      | Killed Robin
  2162 | D:2      | Reached skill level 1 in Dodging
  2336 | D:2      | Found a white marble altar of Elyvilon.
  3138 | D:4      | Noticed an ogre
  3393 | D:4      | Noticed an orc warrior
  3419 | D:3      | Killed from afar by an orc priest

Skill      XL: |  1  2  3  4  5 |
---------------+----------------+-----
Maces & Flails | 2 3 |  3.3
Shields        | 3 |  3.8
Armour         | 3 |  3.2
Dodging        | 1 |  1.0
Fighting       | |  3.6

Action                   |  1- 3 |  4- 6 || total
-------------------------+-------+-------++-------
Melee: Flail             |    34 |       ||    34
       Whip              |   114 |   280 ||   394
  Eat: Chunk             |     2 |     6 ||     8
Armor: Scale mail        |    54 |    92 ||   146
Dodge: Dodged            |    41 |    73 ||   114
Block: Shield            |    99 |   232 ||   331
